 Dungeon Crawl Stone Soup version 0.31-a0-193-gdfe2569204 (webtiles) character file.

Game seed: 12602521610097115020

61 qw the Shooter (level 3, -1/20 HPs)
             Began as a Deep Elf Hunter on June 23, 2023.
             Slain by a gnoll
             ... wielding a +0 flail
              (2 damage)
             ... on level 2 of the Dungeon.
             The game lasted 00:00:24 (909 turns).

qw the Shooter (Deep Elf Hunter)                     Turns: 909, Time: 00:00:24

Health: -1/20      AC:  5    Str: 10    XL:     3   Next: 83%
Magic:  5/5        EV: 11    Int: 13    God:
Gold:   130        SH:  0    Dex: 18    Spells: 2/2 levels left

rFire   . . .        a - +0 shortbow
rCold   . . .        (shield currently unavailable)
rNeg    . . .        d - +0 ring mail
rPois   .            (no helmet)
rElec   .            (no cloak)
rCorr   .            (no gloves)
SInv    .            (no boots)
Will    .....        (no amulet)
Stlth   +            (no ring)
HPRegen 0.23/turn    (no ring)
MPRegen 0.09/turn

%: no passive effects
@: no status effects
A: no striking features
a: no special abilities


You were on level 2 of the Dungeon.
You visited 1 branch of the dungeon, and saw 2 of its levels.

You collected 130 gold pieces.


   Skills:
 - Level 1.5 Fighting
 + Level 7.3 Ranged Weapons
 - Level 2.4 Dodging
 - Level 1.2 Stealth


You had 2 spell levels left.
You didn't know any spells.
Your spell library was empty.

Inventory:

Hand Weapons
 a - a +0 shortbow (weapon)
Armour
 b - a scarf of repulsion
 d - a +0 ring mail (worn)
Scrolls
 c - a scroll of teleportation {unknown}
 h - a scroll of identify {unknown}
 i - a scroll of silence {unknown}
Potions
 e - a potion of heal wounds {unknown}
 f - a potion of might
 g - a potion of enlightenment

Dungeon Overview and Level Annotations

Branches:
Dungeon (2/15)

Altars:


Message History

The gnoll hits you with a +0 club. The gnoll completely misses you.
The kobold barely misses you.
You shoot an arrow. The arrow closely misses the gnoll.
The gnoll hits you but does no damage. The kobold misses you.
The gnoll hits you with a +0 club.
You shoot an arrow. The arrow hits the gnoll.
The gnoll is moderately wounded.
The gnoll barely misses you. The kobold barely misses you.
The gnoll hits you with a +0 club.
You shoot an arrow. The arrow hits the gnoll.
The gnoll is severely wounded.
The gnoll misses you. The kobold hits you but does no damage.
The gnoll hits you but does no damage.
You shoot an arrow. The arrow hits the gnoll!
You kill the gnoll!
The kobold hits you with a +0 short sword.
The ball python barely misses you. x2
You shoot an arrow. The arrow hits the gnoll.
The gnoll is moderately wounded.
The kobold barely misses you. The gnoll hits you with a +0 club.
The ball python completely misses you. The ball python grabs you.
The ball python constricts you. The gnoll completely misses you.
The kobold closely misses you. The gnoll hits you with a +0 flail.
You shoot an arrow.
The arrow barely misses the ball python.
The ball python closely misses you. The ball python constricts you.
The gnoll barely misses you.
The kobold hits you with a +0 short sword.
The gnoll completely misses you.
You shoot an arrow. The arrow hits the ball python.
You kill the ball python!
The gnoll misses you. The kobold barely misses you.
The gnoll barely misses you.
You shoot an arrow. The arrow hits the gnoll.
The gnoll is heavily wounded.
The kobold hits you but does no damage. The gnoll barely misses you.
The gnoll closely misses you.
You shoot an arrow. The arrow barely misses the gnoll.
The kobold hits you with a +0 short sword.
The gnoll hits you with a +0 flail.
You die...

.##....##.....##.###...
....##...........###...#
....# #.................
....# #.................
....# #.................
....# #.................
....# #......#......)..#
....# #....(.#..gK...?.#
....###...#.##..@g?....#
........#...#####).#####
........#.### .%.#
##........# ...#
##..........# ...#
##............ ...#
###........... ....
##.<........## ...##
##..........#


You could see 2 gnolls and a kobold.

Vanquished Creatures
  2 gnolls (D:2)
  A worm (D:2)
  5 endoplasms
  3 goblins
  4 hobgoblins
  3 jackals (D:2)
  A quokka (D:2)
  5 ball pythons
  2 bats
  4 frilled lizards (D:1)
  4 kobolds
  4 rats
38 creatures vanquished.

Notes
Turn   | Place    | Note
-------+----------+-------------------------------------------
     0 | D:1      | qw the Deep Elf Hunter began the quest for the Orb.
     0 | D:1      | Reached XP level 1. HP: 12/12 MP: 3/3
     0 | D:1      | 0 ||| qw: Version: 0.3-a-9-g12657ce
     0 | D:1      | 0 ||| qw: Game counter: 4606
     0 | D:1      | 0 ||| qw: Always use a shield: true
     0 | D:1      | 0 ||| qw: God list: Okawaru
     0 | D:1      | 0 ||| qw: Allow faded altars: false
     0 | D:1      | 0 ||| qw: Do Orc after D:15 true
     0 | D:1      | 0 ||| qw: Do second Lair branch before Depths: true
     0 | D:1      | 0 ||| qw: Lair rune preference: random
     0 | D:1      | 0 ||| qw: Plans: Normal
     0 | D:1      | 0 ||| PLANNING D:1-11
   203 | D:1      | Reached skill level 6 in Ranged Weapons
   203 | D:1      | Reached XP level 2. HP: 16/16 MP: 4/4
   699 | D:1      | 699 ||| UPGRADING to +0 ring mail.
   709 | D:1      | 709 ||| DROPPING +0 leather armour.
   710 | D:1      | 710 ||| DRINKING 2 silvery potions.
   711 | D:1      | 711 ||| DRINKING 2 emerald potions.
   712 | D:1      | 712 ||| DROPPING scroll of butterflies.
   811 | D:2      | Reached XP level 3. HP: 20/20 MP: 5/5
   893 | D:2      | Reached skill level 7 in Ranged Weapons
   906 | D:2      | HP: 4/20 [kobold/+0 short sword (2)]
   909 | D:2      | HP: 1/20 [kobold/+0 short sword (4)]
   909 | D:2      | Slain by a gnoll

Levels and vault maps discovered:
D:1:      mushboom_english_gardens, layout_loops_ring
D:2:      layout_rooms, chequers_serial_rivers_micro_d

Skill      XL: |  1  2  3 |
---------------+----------+-----
Ranged Weapons | 6 7 |  7.3
Fighting       | |  1.5
Dodging        | |  2.4
Stealth        | |  1.2

Action                     || total
---------------------------++-------
   Fire: Shortbow          ||    92
    Use: Potion            ||     2
 Armour: Leather armour    ||     2
         Ring mail         ||    11
  Dodge: Dodged            ||    38

Table legend:
 A = Non-vault XP
 B = Vault XP
 C = Vault XP percentage of total XP
 D = Non-vault monster count
 E = Vault monster count
 F = Vault count percentage of total count
                 A         B        C        D         E       F
            +---------+---------+-------+---------+---------+-------
      Total |      88 |       0 |   0.0 |      38 |       0 |   0.0
            +---------+---------+-------+---------+---------+-------
        D:1 |      25 |       0 |   0.0 |      18 |       0 |   0.0
        D:2 |      63 |       0 |   0.0 |      20 |       0 |   0.0
            +---------+---------+-------+---------+---------+-------
